PIO (24 & UNDER)
SEATTLE RAINIERS @ SURREY SINNERS
07/14/2030
 
TOP OF THE 1ST
Seattle Rainiers batting - Pitching for Surrey Sinners : LHP Ray Gordon
Pitching: LHP Ray Gordon
Batting: RHB Alfredo Farías 0-0: Ball
1-0: Ball
2-0: Ball
3-0: Base on Balls
Batting: LHB Cisco Villanueva 0-0: Ball
1-0: Called Strike
1-1: Ball
2-1: Foul Ball, location: 2F
2-2: Ball
3-2: Grounds into double play, 4-6-3 (Groundball, 4)
Batting: RHB Enrique Soto 0-0: Ball
1-0: Ball
2-0: Foul Ball, location: 2F
2-1: SINGLE (Flyball, 7LM)
Batting: RHB Jesús Ortíz 0-0: Ball
1-0: Called Strike
1-1: Swinging Strike
1-2: Strikes out swinging
Top of the 1st over - 0 runs, 1 hit, 0 errors, 1 left on base; Seattle 0 - Surrey 0
BOTTOM OF THE 1ST
Surrey Sinners batting - Pitching for Seattle Rainiers : RHP Ángel Estrada
Pitching: RHP Ángel Estrada
Batting: RHB Pat Simms 0-0: Ball
1-0: Called Strike
1-1: Ground out 5-3 (Groundball, 56)
Batting: LHB Robert Mann 0-0: Called Strike
0-1: Ball
1-1: SINGLE (Groundball, 6D)
Batting: RHB Don Jackson 0-0: Ball
1-0: Foul Ball, location: 2F
1-1: Foul Ball, location: 2F
1-2: Ball
2-2: Strikes out swinging
Batting: RHB Robert Sipple 0-0: Called Strike
0-1: Fly out, F6 (Popup, 6MD)
Bottom of the 1st over - 0 runs, 1 hit, 0 errors, 1 left on base; Seattle 0 - Surrey 0
TOP OF THE 2ND
Seattle Rainiers batting - Pitching for Surrey Sinners : LHP Ray Gordon
Batting: RHB Ken Miller 0-0: Called Strike
0-1: Ball
1-1: Called Strike
1-2: Foul Ball, location: 2F
1-2: Strikes out swinging
Batting: RHB Jim Love 0-0: Ball
1-0: Ball
2-0: Swinging Strike
2-1: Ball
3-1: Foul Ball, location: 2F
3-2: Base on Balls
Batting: RHB Pablo Hernández 0-0: Ball
1-0: Called Strike
1-1: Ball
2-1: Called Strike
2-2: Strikes out swinging
Batting: RHB Chad Battle 0-0: Ball
1-0: Called Strike
1-1: Foul Ball, location: 2F
1-2: Foul Ball, location: 2F
1-2: Fly out, F8 (Flyball, 8RD)
Top of the 2nd over - 0 runs, 0 hits, 0 errors, 1 left on base; Seattle 0 - Surrey 0
BOTTOM OF THE 2ND
Surrey Sinners batting - Pitching for Seattle Rainiers : RHP Ángel Estrada
Batting: RHB Jeff Buck 0-0: Foul Ball, location: 2F
0-1: Foul Ball, location: 2F
0-2: Strikes out swinging
Batting: LHB Patrick Ferguson 0-0: Ground out 3-1 (Groundball, 34S)
Batting: SHB Pat Brock 0-0: Fly out, F4 (Popup, 4MS)
Bottom of the 2nd over - 0 runs, 0 hits, 0 errors, 0 left on base; Seattle 0 - Surrey 0
TOP OF THE 3RD
Seattle Rainiers batting - Pitching for Surrey Sinners : LHP Ray Gordon
Batting: SHB Javier Contreras 0-0: Called Strike
0-1: Foul Ball, location: 2F
0-2: Ball
1-2: Ball
2-2: Foul Ball, location: 2F
2-2: Foul Ball, location: 2F
2-2: Strikes out swinging
Batting: RHB Alfredo Farías 0-0: Foul Ball, location: 2F
0-1: Ball
1-1: Ball
2-1: Ground out 4-3 (Groundball, 4)
Batting: LHB Cisco Villanueva 0-0: Ball
1-0: Called Strike
1-1: Called Strike
1-2: Ball
2-2: Ball
3-2: Base on Balls
Batting: RHB Enrique Soto 0-0: Ball
1-0: Ball
2-0: Foul Ball, location: 2F
2-1: Foul Ball, location: 2F
2-2: Foul Ball, location: 2F
2-2: Ground out 1-3 (Groundball, 13S)
Top of the 3rd over - 0 runs, 0 hits, 0 errors, 1 left on base; Seattle 0 - Surrey 0
BOTTOM OF THE 3RD
Surrey Sinners batting - Pitching for Seattle Rainiers : RHP Ángel Estrada
Batting: SHB Luis Días 0-0: Hit by Pitch
Batting: RHB Eric Turner 0-0: Ball
1-0: Foul Ball, location: 2F
1-1: Ball
2-1: Called Strike
2-2: Strikes out swinging
Batting: RHB Pat Simms 0-0: Ball
1-0: Swinging Strike
1-1: Ball
2-1: Fly out, F9 (Flyball, 9S)
Batting: LHB Robert Mann 0-0: Ball
1-0: Called Strike
1-1: Ball
2-1: Called Strike
2-2: Foul Ball, location: 2F
2-2: SINGLE (Groundball, 6D)
Luis Días to second
Batting: RHB Don Jackson 0-0: Ball
1-0: Called Strike
1-1: Foul Ball, location: 2F
1-2: Strikes out swinging
Bottom of the 3rd over - 0 runs, 1 hit, 0 errors, 2 left on base; Seattle 0 - Surrey 0
TOP OF THE 4TH
Seattle Rainiers batting - Pitching for Surrey Sinners : LHP Ray Gordon
Batting: RHB Jesús Ortíz 0-0: Ball
1-0: Ball
2-0: Ball
3-0: Called Strike
3-1: Foul Ball, location: 2F
3-2: Base on Balls
Batting: RHB Ken Miller 0-0: Ball
1-0: Swinging Strike
1-1: Foul Ball, location: 2F
1-2: Ball
2-2: Foul Ball, location: 2F
2-2: Fielders Choice at 2nd, 6-4 (Groundball, 6)
Batting: RHB Jim Love 0-0: Ball
1-0: Ball
2-0: Foul Ball, location: 2F
2-1: Fly out, F9 (Flyball, 9LDF)
Batting: RHB Pablo Hernández 0-0: Foul Ball, location: 2F
0-1: Foul Ball, location: 2F
0-2: Ball
Ken Miller steals 2nd base
1-2: Foul Ball, location: 2F
1-2: SINGLE (Line Drive, 7LS)
Ken Miller to third
Runner from 3rd tries for Home, SAFE, no throw
Batting: RHB Chad Battle 0-0: Ball
1-0: Ball
Pablo Hernández is caught stealing 2nd base
Top of the 4th over - 1 run, 1 hit, 0 errors, 0 left on base; Seattle 1 - Surrey 0
BOTTOM OF THE 4TH
Surrey Sinners batting - Pitching for Seattle Rainiers : RHP Ángel Estrada
Batting: RHB Robert Sipple 0-0: Ground out 5-3 (Groundball, 56S)
Batting: RHB Jeff Buck 0-0: Called Strike
0-1: Swinging Strike
0-2: Foul Ball, location: 2F
0-2: Ball
1-2: Ball
2-2: Fly out, F5 (Line Drive, 56)
Batting: LHB Patrick Ferguson 0-0: SINGLE (Groundball, 34D)
Batting: SHB Pat Brock 0-0: Ground out U3 (Groundball, 34S)
Bottom of the 4th over - 0 runs, 1 hit, 0 errors, 1 left on base; Seattle 1 - Surrey 0
TOP OF THE 5TH
Seattle Rainiers batting - Pitching for Surrey Sinners : LHP Ray Gordon
Batting: RHB Chad Battle 0-0: Called Strike
0-1: Ground out 4-3 (Groundball, 4)
Batting: SHB Javier Contreras 0-0: Ball
1-0: Called Strike
1-1: DOUBLE (Flyball, 78D)
Batting: RHB Alfredo Farías 0-0: Ball
1-0: Ball
2-0: Called Strike
2-1: Foul Ball, location: 2F
2-2: Ball
3-2: Hit by Pitch
Batting: LHB Cisco Villanueva 0-0: Foul Ball, location: 2F
0-1: Swinging Strike
0-2: Foul Ball, location: 2F
0-2: Strikes out swinging
Batting: RHB Enrique Soto 0-0: Fly out, F7 (Flyball, 7S)
Top of the 5th over - 0 runs, 1 hit, 0 errors, 2 left on base; Seattle 1 - Surrey 0
BOTTOM OF THE 5TH
Surrey Sinners batting - Pitching for Seattle Rainiers : RHP Ángel Estrada
Batting: SHB Luis Días 0-0: Called Strike
0-1: SINGLE (Flyball, 8LS)
Batting: RHB Eric Turner 0-0: Swinging Strike
0-1: Ball
1-1: Swinging Strike
1-2: Strikes out swinging
Batting: RHB Pat Simms 0-0: Ball
1-0: Called Strike
1-1: Foul Ball, location: 2F
1-2: Ball
2-2: Strikes out looking
Luis Días steals 2nd base
Batter strikes out.
Batting: LHB Robert Mann 0-0: Ball
1-0: Ball
2-0: Ball
3-0: Base on Balls
Batting: RHB Don Jackson 0-0: Ball
1-0: Foul Ball, location: 2F
1-1: Called Strike
1-2: Ball
2-2: Foul Ball, location: 2F
2-2: Strikes out swinging
Bottom of the 5th over - 0 runs, 1 hit, 0 errors, 2 left on base; Seattle 1 - Surrey 0
TOP OF THE 6TH
Seattle Rainiers batting - Pitching for Surrey Sinners : LHP Ray Gordon
Batting: RHB Jesús Ortíz 0-0: Ball
1-0: Called Strike
1-1: Ball
2-1: Swinging Strike
2-2: Strikes out looking
Batting: RHB Ken Miller 0-0: Called Strike
0-1: Ball
1-1: Foul Ball, location: 2F
1-2: Ball
2-2: Foul Ball, location: 2F
2-2: Foul Ball, location: 2F
2-2: Strikes out swinging
Batting: RHB Jim Love 0-0: Foul Ball, location: 2F
0-1: Foul Ball, location: 2F
0-2: Strikes out swinging
Top of the 6th over - 0 runs, 0 hits, 0 errors, 0 left on base; Seattle 1 - Surrey 0
BOTTOM OF THE 6TH
Surrey Sinners batting - Pitching for Seattle Rainiers : RHP Ángel Estrada
Batting: RHB Robert Sipple 0-0: Called Strike
0-1: Swinging Strike
0-2: Ball
1-2: Ball
2-2: Strikes out swinging
Batting: RHB Jeff Buck 0-0: Swinging Strike
0-1: Called Strike
0-2: Ball
1-2: Ball
2-2: Foul Ball, location: 2F
2-2: Ground out 4-3 (Groundball, 4)
Batting: LHB Patrick Ferguson 0-0: Ground out 6-3 (Groundball, 6)
Bottom of the 6th over - 0 runs, 0 hits, 0 errors, 0 left on base; Seattle 1 - Surrey 0
TOP OF THE 7TH
Seattle Rainiers batting - Pitching for Surrey Sinners : LHP Ray Gordon
Pitching: RHP Judite Hasse
Batting: RHB Pablo Hernández 0-0: SINGLE (Groundball, 5D)
Batting: RHB Chad Battle 0-0: Ball
1-0: Swinging Strike
1-1: Swinging Strike
1-2: Strikes out swinging
Pinch Hitting: LHB Darren Cook 0-0: Ball
1-0: Called Strike
1-1: Ball
2-1: Ball
3-1: Foul Ball, location: 2F
3-2: Foul Ball, location: 2F
3-2: Base on Balls
Pablo Hernández to second
Batting: RHB Alfredo Farías 0-0: Ball
1-0: Foul Ball, location: 2F
1-1: Ball
2-1: Ground out 5-3 (Groundball, 5S)
Pablo Hernández to third
Darren Cook to second
Batting: LHB Cisco Villanueva 0-0: DOUBLE (Line Drive, 9LM)
Pablo Hernández scores
Darren Cook scores
Batting: RHB Enrique Soto 0-0: Called Strike
0-1: Ball
1-1: Foul Ball, location: 2F
1-2: Ball
2-2: Ball
3-2: Ground out 5-3 (Groundball, 5)
Top of the 7th over - 2 runs, 2 hits, 0 errors, 1 left on base; Seattle 3 - Surrey 0
BOTTOM OF THE 7TH
Surrey Sinners batting - Pitching for Seattle Rainiers : RHP Ángel Estrada
Now at SS: Darren Cook
Batting: SHB Pat Brock 0-0: Bunted foul
0-1: Ball
1-1: Foul Ball, location: 2F
1-2: Ball
2-2: DOUBLE (Line Drive, 9LD)
Batting: SHB Luis Días 0-0: Ball
1-0: Ball
2-0: Ball
Wild Pitch!
Pat Brock to third
3-0: Called Strike
3-1: Called Strike
3-2: Base on Balls
Batting: RHB Eric Turner 0-0: Called Strike
0-1: Ball
Passed Ball!
Pat Brock scores
Luis Días to second
1-1: Ball
Luis Días steals 3rd base
2-1: Foul Ball, location: 2F
2-2: Foul Ball, location: 2F
2-2: Ball
3-2: Base on Balls
Pitching: LHP Miguel Perea
Batting: RHB Pat Simms 0-0: Ball
1-0: Ball
2-0: Fly out, F3 (Popup, 23F)
Batting: LHB Robert Mann 0-0: Called Strike
0-1: Ball
1-1: Ball
2-1: Ball
3-1: Swinging Strike
3-2: Foul Ball, location: 2F
3-2: Foul Ball, location: 2F
3-2: Foul Ball, location: 2F
3-2: Foul Ball, location: 2F
3-2: Strikes out swinging
Batting: RHB Don Jackson 0-0: Called Strike
0-1: Ball
1-1: Ball
2-1: Ball
3-1: Base on Balls
Eric Turner to second
Pinch Hitting: RHB Christian Porter 0-0: Swinging Strike
0-1: Swinging Strike
0-2: Strikes out looking
Bottom of the 7th over - 1 run, 1 hit, 0 errors, 3 left on base; Seattle 3 - Surrey 1
TOP OF THE 8TH
Seattle Rainiers batting - Pitching for Surrey Sinners : RHP Judite Hasse
Now at SS: Francisco Martínez
Batting: RHB Jesús Ortíz 0-0: Ball
1-0: Ball
2-0: Ball
3-0: Base on Balls
Batting: RHB Ken Miller 0-0: 2-RUN HOME RUN (Flyball, 7LD), Distance : 348 ft
Pitching: RHP José Gil
Batting: RHB Jim Love 0-0: Ball
1-0: Foul Ball, location: 2F
1-1: Swinging Strike
1-2: Foul Ball, location: 2F
1-2: Foul Ball, location: 2F
1-2: Ball
2-2: Strikes out swinging
Batting: RHB Pablo Hernández 0-0: Foul Ball, location: 2F
0-1: Swinging Strike
0-2: Fly out, F5 (Line Drive, 56)
Batting: RHB Chad Battle 0-0: Swinging Strike
0-1: Foul Ball, location: 2F
0-2: Strikes out swinging
Top of the 8th over - 2 runs, 1 hit, 0 errors, 0 left on base; Seattle 5 - Surrey 1
BOTTOM OF THE 8TH
Surrey Sinners batting - Pitching for Seattle Rainiers : LHP Miguel Perea
Batting: RHB Jeff Buck 0-0: Ball
1-0: Ball
2-0: Ball
3-0: Called Strike
3-1: Foul Ball, location: 2F
3-2: Foul Ball, location: 2F
3-2: Foul Ball, location: 2F
3-2: Base on Balls
Batting: LHB Patrick Ferguson 0-0: Foul Ball, location: 2F
0-1: Fly out, F7 (Flyball, 7)
Batting: SHB Pat Brock 0-0: Ball
1-0: Swinging Strike
1-1: Ball
2-1: Foul Ball, location: 2F
2-2: Ball
3-2: Strikes out looking
Batting: SHB Luis Días 0-0: Foul Ball, location: 2F
0-1: Hit by Pitch
Jeff Buck to second
Batting: RHB Eric Turner 0-0: Fly out, F8 (Flyball, 8RM)
Bottom of the 8th over - 0 runs, 0 hits, 0 errors, 2 left on base; Seattle 5 - Surrey 1
TOP OF THE 9TH
Seattle Rainiers batting - Pitching for Surrey Sinners : RHP José Gil
Batting: LHB Darren Cook 0-0: Ball
1-0: Ball
2-0: Ball
3-0: Base on Balls
Batting: RHB Alfredo Farías 0-0: Ball
1-0: Called Strike
1-1: Called Strike
1-2: SINGLE (Line Drive, 8LS)
Darren Cook to second
Batting: LHB Cisco Villanueva 0-0: Called Strike
0-1: Ball
1-1: Ball
2-1: Ball
3-1: Base on Balls
Darren Cook to third
Alfredo Farías to second
Batting: RHB Enrique Soto 0-0: Ball
1-0: Called Strike
1-1: Foul Ball, location: 2F
1-2: Foul Ball, location: 2F
1-2: Foul Ball, location: 2F
1-2: Strikes out swinging
Batting: RHB Jesús Ortíz 0-0: Ball
1-0: Grounds into double play, 5-2-3 (Groundball, 56)
Top of the 9th over - 0 runs, 1 hit, 0 errors, 2 left on base; Seattle 5 - Surrey 1
BOTTOM OF THE 9TH
Surrey Sinners batting - Pitching for Seattle Rainiers : LHP Miguel Perea
Batting: RHB Pat Simms 0-0: Ball
1-0: Called Strike
1-1: Swinging Strike
1-2: Ground out 1-3 (Groundball, P)
Batting: LHB Robert Mann 0-0: Ball
1-0: Called Strike
1-1: Ball
2-1: Fly out, F4 (Popup, 34D)
Batting: RHB Don Jackson 0-0: Ball
1-0: Ball
2-0: Called Strike
2-1: Ball
3-1: SINGLE (Line Drive, 78S)
Pitching: RHP John Ashe
Batting: RHB Francisco Martínez 0-0: Ball
1-0: Called Strike
1-1: Foul Ball, location: 2F
1-2: Strikes out swinging
Bottom of the 9th over - 0 runs, 1 hit, 0 errors, 1 left on base; Seattle 5 - Surrey 1
Saturday, April 7th, 2018 - OOTP Baseball 18.8 Build 76